 Dungeon Crawl Stone Soup version 0.30.0-3-ga4e48a9924 (webtiles) character file.

Game seed: 1735134568411363312

742 trckry the Charlatan (level 7, -3/54 HPs)
             Began as a Demonspawn Wanderer on May 8, 2023.
             Slain by a killer bee (5 damage)
             ... on level 5 of the Dungeon.
             The game lasted 00:10:18 (4931 turns).

trckry the Charlatan (Demonspawn Wanderer)          Turns: 4931, Time: 00:10:19

Health: -3/54      AC:  3    Str: 21    XL:     7   Next: 47%
Magic:  0/8        EV: 12    Int: 11    God:
Gold:   149        SH:  0    Dex: 14    Spells: 8/8 levels left

rFire   . . .        a - +2 dagger
rCold   . . .        (no shield)
rNeg    . . .        f - +0 leather armour
rPois   .            (helmet restricted)
rElec   .            (no cloak)
rCorr   .            (no gloves)
SInv    .            (no boots)
Will    .....        s - amulet of guardian spirit
Stlth   +            j - +6 ring of strength
HPRegen 0.29/turn    (no ring)
MPRegen 0.11/turn

%: guardian spirit
@: lethally poisoned (-3 -> -28)
A: antennae 1, hooves 2, powered by pain 1, demonic magic 1
a: no special abilities


You were on level 5 of the Dungeon.
You visited 1 branch of the dungeon, and saw 5 of its levels.

You collected 149 gold pieces.

Inventory:

Hand Weapons
 a - a +2 dagger (weapon)
 c - a +0 falchion
Missiles
 w - 13 poisoned darts (quivered)
 x - a curare-tipped dart
Armour
 f - a +0 leather armour (worn)
Jewellery
 j - a +6 ring of strength (left hand)
 r - an amulet of reflection
 s - an amulet of guardian spirit (around neck)
Wands
 d - a wand of polymorph (7)
 p - a wand of light (8)
 u - a wand of flame (14)
 v - a wand of mindburst (12)
Scrolls
 e - 3 scrolls of blinking
 g - 7 scrolls of identify {unknown}
 l - 2 scrolls of teleportation {unknown}
 m - a scroll of immolation {unknown}
 o - a scroll of magic mapping {unknown}
 y - a scroll of amnesia {unknown}
 A - a scroll of fear {unknown}
Potions
 b - a potion of degeneration {unknown}
 h - a potion of curing {unknown}
 i - a potion of cancellation {unknown}
 k - 2 potions of berserk rage {unknown}
 n - 2 potions of attraction {unknown}
 q - 2 potions of heal wounds {unknown}
 t - a potion of invisibility {unknown}
 z - a potion of flight {unknown}


   Skills:
 - Level 4.0 Fighting
 - Level 1.7 Long Blades
 - Level 4.0 Throwing
 + Level 3.1 Armour
 + Level 3.0 Dodging
 - Level 1.0 Stealth
 - Level 1.0 Spellcasting
 + Level 4.7 Evocations


You had 8 spell levels left.
You didn't know any spells.
Your spell library contained the following spells:

 Spells                   Type           Power      Damage    Failure   Level
 Apportation              Tloc           0%         N/A       36%         1
 Magic Dart               Conj           0%         1d3       36%         1
 Necrotise                Necr           0%         1d4       36%         1
 Summon Small Mammal      Summ           0%         N/A       36%         1
 Call Imp                 Summ           0%         N/A       50%         2
 Mephitic Cloud           Conj/Pois/Air  0%         N/A       73%         3
 Vampiric Draining        Necr           0%         2d6       73%         3
 Agony                    Necr           0%         N/A       100%        5
 Summon Forest            Summ/Tloc      0%         N/A       100%        5
 Eringya's Noxious Bog    Tmut/Pois      0%         N/A       100%        6
 Summon Hydra             Summ           0%         N/A       100%        7


Dungeon Overview and Level Annotations

Branches:
Dungeon (5/15) Zot: 25087
 Temple: D:4-7

Altars:
Cheibriados
Gozag
Nemelex Xobeh

Shops:
D:3 [(   D:4 *


Innate Abilities, Weirdness & Mutations

You have a pair of small antennae on your head.
You have hoof-like feet.
You sometimes gain a little power by taking damage.
Spells you cast may paralyse adjacent enemies.


Message History

The killer bee is lightly wounded.
The killer bee stings you.
You are poisoned.
The killer bee poisons you! The killer bee stings you!
You miss the killer bee. Your kick misses the killer bee.
You feel sick. The killer bee stings you.
You closely miss the killer bee.
You kick the killer bee, but do no damage.
The killer bee barely misses you. The killer bee stings you.
You miss the killer bee. Your kick misses the killer bee.
You feel sick. The killer bee completely misses you. The killer bee stings you.
You are more poisoned.
The killer bee poisons you!
You completely miss the killer bee.
You feel very sick.
The killer bee stings you but does no damage.
The killer bee closely misses you.
You miss the killer bee. You kick the killer bee.
The killer bee is moderately wounded.
You feel sick. The killer bee stings you.
* * * LOW HITPOINT WARNING * * *
The killer bee barely misses you.
You closely miss the killer bee.
The killer bee is moderately wounded.
You feel sick. The killer bee stings you.
* * * LOW HITPOINT WARNING * * *
You are more poisoned.
The killer bee poisons you! The killer bee stings you.
* * * LOW HITPOINT WARNING * * *
You are more poisoned.
The killer bee poisons you!
You hit the killer bee but do no damage.
The killer bee is moderately wounded.
* * * LOW HITPOINT WARNING * * *
You feel very sick. The killer bee stings you.
* * * LOW HITPOINT WARNING * * *
You are more poisoned.
The killer bee poisons you! The killer bee stings you.
You die...

##.### .. ########...#
#. . .......<...##
(####.##. ....(........
......... #########.##.
.......y# #.##.
........ # #.##.
#....#####.# #.. .
#?#.cyyy@..# #.#
#....####### ######.###
###..### #.....^...
#....##### #.####.###
#..#.#...#####.####.###
#.##...................
#.........#..#.........
####......#..#.####.###
#.#...##....# ##.##


You could see a centaur and 3 killer bees.

Vanquished Creatures
  An orc warrior (D:4)
  An ice beast (D:4)
  Blork the orc (D:4)
  A bullfrog (D:3)
  2 hounds (D:5)
  An orc priest (D:4)
  Natasha (thrice) (D:2)
  An orc wizard (D:4)
  8 gnolls
  5 adders
  2 worms (D:2)
  5 dart slugs
  7 orcs
  6 bats
  8 endoplasms
  4 giant cockroaches
  7 goblins
  8 hobgoblins
  8 jackals (D:1)
  3 quokkas
  8 ball pythons
  2 frilled lizards
  10 kobolds
  6 rats
108 creatures vanquished.

Notes
Turn   | Place    | Note
-------+----------+-------------------------------------------
     0 | D:1      | trckry the Demonspawn Wanderer began the quest for the Orb.
     0 | D:1      | trckry set off with the following items: a +2 dagger, 3
                  | curare-tipped darts, a +0 falchion, a wand of polymorph
                  | (7), a scroll of blinking, a +0 leather armour.
     0 | D:1      | Reached XP level 1. HP: 13/13 MP: 2/2
   129 | D:1      | Discovered your monstrous ancestry.
   129 | D:1      | Gained mutation: You have large cloven feet. [demonic
                  | ancestry]
   129 | D:1      | Reached XP level 2. HP: 5/20 MP: 3/3
   311 | D:1      | Reached skill level 1 in Fighting
   620 | D:1      | Gained mutation: You have a pair of small antennae on your
                  | head. [demonic ancestry]
   620 | D:1      | Reached XP level 3. HP: 13/27 MP: 4/4
  1243 | D:2      | Found a snail-covered altar of Cheibriados.
  1363 | D:2      | Gained mutation: Spells you cast may paralyse adjacent
                  | enemies. [demonic ancestry]
  1363 | D:2      | Reached XP level 4. HP: 30/35 MP: 5/5
  1484 | D:2      | Noticed Natasha
  1509 | D:2      | Killed Natasha
  1752 | D:2      | Noticed Natasha
  1760 | D:2      | Killed Natasha
  1927 | D:2      | Noticed Natasha
  1949 | D:2      | Killed Natasha
  1950 | D:2      | Reached skill level 1 in Armour
  1950 | D:2      | Reached XP level 5. HP: 22/42 MP: 6/6
  2059 | D:2      | HP: 6/42 [gnoll/+0 flail[a gnoll sergeant] (9)]
  2325 | D:3      | Found Dunwiq's Antique Weapon Boutique.
  2434 | D:3      | Reached skill level 1 in Dodging
  2549 | D:3      | Found Xosiusu's Antique Armour Boutique.
  2623 | D:3      | HP: 3/42 [gnoll sergeant/+0 spear (4)]
  2628 | D:3      | HP: 3/42 [gnoll sergeant/+0 spear (1)]
  3292 | D:3      | Gained mutation: You sometimes gain a little power by
                  | taking damage. [demonic ancestry]
  3292 | D:3      | Reached XP level 6. HP: 13/48 MP: 2/7
  3457 | D:4      | Noticed an orc warrior
  3533 | D:4      | Killed an orc warrior
  3538 | D:4      | Found Govvixim's Neck Hole.
  3628 | D:4      | Noticed Blork the orc
  3641 | D:4      | Killed Blork the orc
  3804 | D:4      | Gained mutation: You have hoof-like feet. [demonic
                  | ancestry]
  3804 | D:4      | Reached XP level 7. HP: 50/54 MP: 6/8
  4060 | D:4      | Found a sparkling altar of Nemelex Xobeh.
  4517 | D:4      | Found an opulent altar of Gozag.
  4662 | D:5      | Entered Level 5 of the Dungeon
  4931 | D:5      | HP: 6/54 [poisoned by a killer bee]
  4931 | D:5      | HP: 2/54 [killer bee (4)]
  4931 | D:5      | Slain by a killer bee

Illustrated notes

Levels and vault maps discovered:
D:1:      minmay_arrival_split_and_join, layout_basic
D:2:      layout_basic, basic_altar, uniq_natasha
D:3:      layout_loops_ring, serial_shops, nicolae_shop_just_a_little_nook,
          nicolae_shop_dealshenge, chequers_serial_rivers_small_a
D:4:      layout_loops_ring, nemelex_dance_club_becter,
          mainiacjoe_overflow_six_doors_small, moated_statue,
          nicolae_shop_sticking_my_neck_out, uniq_blork_the_orc
D:5:      layout_loops_ring

Skill      XL: |  1  2  3  4  5  6  7 |
---------------+----------------------+-----
Fighting       | 2 3 4 |  4.0
Throwing       | 3 4 |  4.0
Armour         | 1 2 3 |  3.1
Dodging        | 1 2 3 |  3.0
Evocations     | 4 |  4.7
Long Blades    | |  1.7
Stealth        | |  1.0
Spellcasting   | |  1.0

Action                     |  1- 3 |  4- 6 |  7- 9 || total
---------------------------+-------+-------+-------++-------
  Melee: Dagger            |   149 |   165 |   117 ||   431
         Kick              |    26 |    46 |    28 ||   100
         Punch             |       |     2 |     3 ||     5
  Throw: Dart              |       |     7 |     3 ||    10
   Stab: Sleeping          |     1 |     1 |     1 ||     3
 Armour: Leather armour    |    52 |    34 |    17 ||   103
  Dodge: Dodged            |   103 |   118 |    67 ||   288
